 Dungeon Crawl Stone Soup version 0.25-a0-404-gc1b5a34292 (webtiles) character file.

Game seed: 5815686231777042078, levelgen mode: deterministic

34 MordorOrchid the Caller (level 3, -2/40 HPs)
             Began as a Demonspawn Wanderer on Jan 12, 2020.
             Killed themself with a badly aimed iceblast (13 damage)
             ... on level 2 of the Dungeon.
             The game lasted 00:05:19 (1253 turns).

MordorOrchid the Caller (Demonspawn Wanderer)       Turns: 1253, Time: 00:05:20

Health: -2/40      AC: 21    Str: 13    XL:     3   Next: 14%
Magic:  6/6        EV:  2    Int: 14    God:
Gold:   38         SH:  0    Dex: 11    Spells: 0/6 levels left

rFire    . . .     SeeInvis .   k - +4 dagger
rCold    . . .     Gourm    .   (no shield)
rNeg     + + +     Faith    .   (armour currently unavailable)
rPois    +         Spirit   .   (helmet currently unavailable)
rElec    .         Reflect  .   (cloak currently unavailable)
rCorr    .         Harm     .   (gloves currently unavailable)
MR       .....     NoTele   +   (boots currently unavailable)
Stlth    +.........             (no amulet)
HPRegen  0.13/turn              (no ring)
MPRegen  0.10/turn              (no ring)

@: lethally poisoned (-2 -> -6), tree-form, heavily drained
A: powered by death 1
a: no special abilities


You were on level 2 of the Dungeon.
You were not hungry.
You were a tree.
You visited 1 branch of the dungeon, and saw 2 of its levels.

You collected 38 gold pieces.

Inventory:

Hand Weapons
 a - a +0 quarterstaff
 k - a +4 dagger (weapon)
Missiles
 e - 59 stones
 h - 11 poisoned darts (quivered)
Armour
 d - a +0 robe (melded)
Wands
 j - a wand of random effects (6)
Scrolls
 c - a scroll of teleportation
 l - a scroll of immolation {unknown}
Potions
 m - a potion of agility {unknown}
Comestibles
 b - 2 chunks of flesh
 f - 2 rations


   Skills:
 - Level 2.0(0.4) Fighting
 - Level 1.0(0.0) Staves
 - Level 1.0(0.0) Throwing
 * Level 1.6(0.1) Dodging
   Level 1.0(0.0) Shields
 - Level 2.0(0.4) Spellcasting
 * Level 1.8(0.2) Conjurations
 * Level 2.0(0.4) Summonings
   Level 1.0(0.0) Transmutations


You couldn't memorise any spells.
You knew the following spells:

 Your Spells              Type           Power        Failure   Level  Hunger
a - Magic Dart            Conj           #...         26%         1    ##.....
b - Call Imp              Summ           #.......     34%         2    ###....
c - Conjure Flame         Conj/Fire      #.......     63%         3    ####...

Your spell library contained the following spells:

 Spells                   Type           Power        Failure   Level  Hunger
 Blink                    Tloc           N/A          38%         2    ###....
 Slow                     Hex            #.......     38%         2    ###....
 Mephitic Cloud           Conj/Pois/Air  #.......     63%         3    ####...


Dungeon Overview and Level Annotations

Branches:
Dungeon (2/15)

Altars:


Innate Abilities, Weirdness & Mutations

((You have large cloven feet.))
You regenerate a little health from kills.


Message History

The bolt of poison hits the kobold!
You kill the kobold!
The bolt of poison misses the adder.
The bolt of poison misses the kobold.
The adder bites you but does no damage.
Evoke which item? (* to show all) (? for menu, Esc to quit)
Aiming: Random Effects
Press: ? - help, Shift-Dir - straight line, p - kobold The puff of flame misses the adder.
The puff of flame hits the rat.
You kill the rat!
You feel sick. The adder bites you but does no damage.
Evoke which item? (* to show all) (? for menu, Esc to quit)
Aiming: Random Effects
Press: ? - help, Shift-Dir - straight line, f - bat
Aim: a bat The mass of ice explodes!
The iceblast engulfs the adder!
The adder is almost dead.
The iceblast engulfs the bat!
You kill the bat!
The iceblast engulfs you!
You die...

##....#.. '.......
#.....# . #.....#..
#........ #()K..# #.w...#
#.####S####[..
#......♣..# . ..
######.##.# ..# #(##.#
###+## #.## #.##.# #.#
..$..###..### #.##.####.#
............ #.##....#.#
.......##.#+###.##..#.#.#
......................#.#
................###.###.#


You could see an adder.

Vanquished Creatures
  2 dart slugs (D:1)
  4 bats
  A giant cockroach (D:1)
  A hobgoblin (D:1)
  5 jackals
  3 goblins (D:1)
  8 kobolds
  5 rats
29 creatures vanquished.

Notes
Turn   | Place    | Note
-------+----------+-------------------------------------------
     0 | D:1      | MordorOrchid the Demonspawn Wanderer began the quest for
                  | the Orb.
     0 | D:1      | MordorOrchid set off with the following items: a +0
                  | quarterstaff, a scroll of teleportation, a +0 robe, a
                  | ration; and the following spell memorised: Magic Dart; and
                  | the following spells available to memorise: Call Imp,
                  | Blink, Slow, Conjure Flame, Mephitic Cloud
     0 | D:1      | Reached XP level 1. HP: 16/16 MP: 3/3
   168 | D:1      | Reached skill level 1 in Dodging
   168 | D:1      | Reached skill level 1 in Conjurations
   168 | D:1      | Gained mutation: You have large cloven feet. [demonic
                  | ancestry]
   168 | D:1      | Reached XP level 2. HP: 11/22 MP: 0/5
  1092 | D:1      | Learned a level 2 spell: Call Imp
  1159 | D:2      | Gained mutation: You regenerate a little health from kills.
                  | [demonic ancestry]
  1159 | D:2      | Reached XP level 3. HP: 20/27 MP: 3/6
  1211 | D:1      | Learned a level 3 spell: Conjure Flame
  1253 | D:2      | Killed themself with a badly aimed iceblast

Levels and vault maps discovered:
D:1:      nicolae_arrival_washed_ashore, layout_basic
D:2:      layout_basic, grunt_qazlal_clouds, minmay_pentomino_p2

Skill      XL: |  1 |
---------------+----+-----
Dodging        | 1 |  1.6
Conjurations   | 1 |  1.8
Fighting       | |  2.0
Staves         | |  1.0
Throwing       | |  1.0
Shields        | |  1.0
Spellcasting   | |  2.0
Summonings     | |  2.0
Transmutations | |  1.0

Action                   || total
-------------------------++-------
Melee: Quarterstaff      ||    51
       Kick              ||     6
       Dagger            ||     4
Throw: Dart              ||     3
 Cast: Magic Dart        ||    29
Evoke: Wand              ||     2
  Use: Potion            ||     1
  Eat: Chunk             ||     2
Armor: Robe              ||    19
       Skin              ||     3
Dodge: Dodged            ||    52

Table legend:
 A = Non-vault XP
 B = Vault XP
 C = Vault XP percentage of total XP
 D = Non-vault monster count
 E = Vault monster count
 F = Vault count percentage of total count
                 A         B        C        D         E       F
            +---------+---------+-------+---------+---------+-------
      Total |      49 |       0 |   0.0 |      29 |       0 |   0.0
            +---------+---------+-------+---------+---------+-------
        D:1 |      39 |       0 |   0.0 |      22 |       0 |   0.0
        D:2 |      10 |       0 |   0.0 |       7 |       0 |   0.0
            +---------+---------+-------+---------+---------+-------
